 Dungeon Crawl Stone Soup version 0.31-a0-219-g8d62b2e7bb (webtiles) character file.

Game seed: 9615494168101595906

107 Newt the Shooter (level 5, 0/35 HPs)
             Began as a Kobold Hunter on July 3, 2023.
             Slain by a gnoll
             ... wielding a +0 flail
              (3 damage)
             ... on level 3 of the Dungeon.
             The game lasted 00:01:36 (1451 turns).

Newt the Shooter (Kobold Hunter)                    Turns: 1451, Time: 00:01:36

Health: 0/35       AC:  4    Str:  9    XL:     5   Next: 10%
Magic:  5/5        EV: 14    Int: 10    God:
Gold:   125        SH:  0    Dex: 20    Spells: 4/4 levels left

rFire   . . .        g - +1 orcbow
rCold   . . .        (shield currently unavailable)
rNeg    . . .        c - +1 leather armour
rPois   .            (no helmet)
rElec   .            (no cloak)
rCorr   .            (no gloves)
SInv    .            (no boots)
Will    .....        (no amulet)
Stlth   +++          d - ring of wizardry
HPRegen 0.25/turn    (no ring)
MPRegen 0.09/turn

%: wizardry (x1)
@: no status effects
A: small, no large weapons, nightstalker 3
a: no special abilities


You were on level 3 of the Dungeon.
You visited 1 branch of the dungeon, and saw 3 of its levels.

You collected 125 gold pieces.

Inventory:

Hand Weapons
 a - a +0 shortbow
 g - a +1 orcbow (weapon)
Armour
 c - a +1 leather armour (worn)
Jewellery
 d - a ring of wizardry (left hand)
Scrolls
 b - a scroll of butterflies
 k - a scroll of immolation
Potions
 e - a potion of degeneration {unknown}
 h - a potion of brilliance
 j - 2 potions of attraction {unknown}
 l - 2 potions of might {unknown}
 m - a potion of heal wounds {unknown}


   Skills:
 - Level 5.0 Fighting
 + Level 5.8 Ranged Weapons
 - Level 2.4 Dodging
 - Level 1.3 Stealth


You had 4 spell levels left.
You didn't know any spells.
Your spell library contained the following spells:

 Spells                   Type           Power      Damage    Failure   Level
 Dazzling Flash           Conj/Hex       0%         N/A       52%         3
 Ozocubu's Armour         Ice            0%         N/A       52%         3
 Agony                    Necr           0%         N/A       99%         5
 Iskenderun's Battlesphe  Conj           0%         2d6       99%         5
 Silence                  Hex/Air        0%         N/A       99%         5
 Leda's Unmaking          Conj/Erth      0%         9d1       100%        6
 Ozocubu's Refrigeration  Ice            0%         4d7       100%        7
 Spellforged Servitor     Conj/Summ      0%         N/A       100%        7


Dungeon Overview and Level Annotations

Branches:
Dungeon (3/15)

Altars:

Shops:
D:2 (


Innate Abilities, Weirdness & Mutations

You are small and have problems with some larger weapons.
You are completely attuned to the shadows.


Message History

You shoot an arrow. The arrow hits the gnoll!
The gnoll is heavily wounded.
The gnoll closely misses you.
A goblin comes into view. It is wielding a +0 dagger.
You shoot an arrow. The arrow hits the gnoll.
You kill the gnoll!
You have reached level 5!
You feel stronger.
You shoot an arrow. The arrow completely misses the gnoll.
The arrow barely misses the goblin.
The gnoll misses you. The gnoll hits you with a +0 flail!
You shoot an arrow. The arrow closely misses the gnoll.
The arrow hits the goblin.
You kill the goblin!
The gnoll barely misses you.
You shoot an arrow. The arrow barely misses the gnoll.
The gnoll hits you with a +0 flail!
Unknown command.
You are too injured to fight recklessly!
You are too injured to fight recklessly!
You shoot an arrow. The arrow completely misses the gnoll.
The gnoll barely misses you.
You shoot an arrow.
The arrow hits the gnoll but does no damage.
The gnoll hits you with a +0 flail!
* * * LOW HITPOINT WARNING * * *
The gnoll misses you.
Unknown command.
You feel better. The gnoll hits you with a +0 flail.
* * * LOW HITPOINT WARNING * * *
You shoot an arrow. The arrow barely misses the gnoll.
The gnoll misses you.
You shoot an arrow. The arrow hits the gnoll!
The gnoll is almost dead.
The gnoll hits you with a +0 flail!
* * * LOW HITPOINT WARNING * * *
You shoot an arrow. The arrow barely misses the gnoll.
The gnoll closely misses you.
You shoot an arrow. The arrow completely misses the gnoll.
The gnoll hits you with a +0 flail.
You die...

##########
#........#
#.######.#
#.######.#######
#.#.....#......#
#....###.#####.#
###..# #.# #@#
#..# #.# #g#
#<.# #.# #)#
#..# #)# #..#
..† #..# #..#


You could see a gnoll.

Vanquished Creatures
  2 gnolls (D:3)
  2 adders (D:2)
  2 worms (D:2)
  2 dart slugs
  10 ball pythons
  7 bats
  4 endoplasms
  2 giant cockroaches (D:2)
  4 hobgoblins
  5 quokkas (D:1)
  2 frilled lizards
  4 goblins
  9 kobolds
  4 rats
59 creatures vanquished.

Notes
Turn   | Place    | Note
-------+----------+-------------------------------------------
     0 | D:1      | Newt the Kobold Hunter began the quest for the Orb.
     0 | D:1      | Reached XP level 1. HP: 12/12 MP: 1/1
   186 | D:1      | Reached XP level 2. HP: 18/18 MP: 2/2
   367 | D:1      | Reached XP level 3. HP: 23/23 MP: 3/3
   878 | D:2      | Reached XP level 4. HP: 20/30 MP: 4/4
  1247 | D:2      | Found a faded altar of an unknown god.
  1294 | D:2      | Reached skill level 5 in Fighting
  1345 | D:2      | Found Epum Hau's Weapon Emporium.
  1442 | D:3      | Reached XP level 5. HP: 35/35 MP: 5/5
  1451 | D:3      | Slain by a gnoll

Illustrated notes

Levels and vault maps discovered:
D:1:      dpeg_arrival_arbitrary_b, layout_loops_ring, solitary_fountain
D:2:      layout_rooms, serial_shops, nicolae_shop_real_fake_doors,
          basic_ecumenical_altar
D:3:      layout_loops_ring

Skill      XL: |  1  2  3  4 |
---------------+-------------+-----
Fighting       | 3 4 5 |  5.0
Ranged Weapons | |  5.8
Dodging        | |  2.4
Stealth        | |  1.3

Action                     |  1- 3 |  4- 6 || total
---------------------------+-------+-------++-------
   Fire: Shortbow          |    91 |     3 ||    94
         Orcbow            |       |    59 ||    59
    Use: Scroll            |     2 |     3 ||     5
         Potion            |       |     1 ||     1
 Armour: Leather armour    |     7 |     8 ||    15
  Dodge: Dodged            |    43 |    14 ||    57

Table legend: (Time is in decaauts)
 A = Elapsed time spent in this place.
 B = Non-inter-level travel time spent in this place.
 C = Inter-level travel time spent in this place.
 D = Time resting spent in this place.
 E = Time spent auto-exploring this place.
 F = Levels seen in this place.
 G = Mean time per level.
                   A        B        C        D        E       F      G
               +--------+--------+--------+--------+--------+-----+--------+
         Total |   1484 |   1443 |     41 |      0 |   1164 |   3 |  494.7 |
       Dungeon |   1484 |   1443 |     41 |      0 |   1164 |   3 |  494.7 |
               +--------+--------+--------+--------+--------+-----+--------+

Top non-repeatable levels by time:
     D:1: 847 daAuts
     D:2: 579 daAuts
     D:3: 57 daAuts
